[Event "Live Chess"]
[Site "Chess.com"]
[Date "2024.06.02"]
[Round "-"]
[White "gmnorfolk"]
[Black "KyryloPoluliakh"]
[Result "1-0"]
[WhiteElo "2128"]
[BlackElo "1529"]
[TimeControl "300"]
[EndTime "8:24:04 PDT"]
[Termination "gmnorfolk won by checkmate"]

1. d4 Nf6 2. Nf3 g6 3. Nc3 Bg7 4. Bf4 O-O 5. h4 h5 6. Qd2 Re8 7. Bh6 Bh8 8. O-O-O a5 9. e4 Nc6 10. e5 Nh7 11. Bd3 Nb4 12. Bc4 d6 13. a3 Nc6 14.
e6 fxe6 15. Qd3 Kf7 16. Ne4 Rg8 17. Neg5+ Nxg5 18. Nxg5+ Ke8 19. Nxe6 Bxe6 20. Bxe6 Bg7 21. Qxg6+ Kf8 22. Qf7# 1-0

[Event "Live Chess"]
[Site "Chess.com"]
[Date "2024.06.02"]
[Round "-"]
[White "Zhevzh1k7"]
[Black "nitrofish07"]
[Result "0-1"]
[WhiteElo "1128"]
[BlackElo "2099"]
[TimeControl "300"]
[EndTime "8:24:15 PDT"]
[Termination "nitrofish07 won by resignation"]

1. e4 c5 2. Nf3 d6 3. d4 cxd4 4. Nxd4 Nf6 5. Nc3 a6 6. Bf4 e5 7.
Nd5 Nxd5 8. exd5 exf4 9. Qe2+ Qe7 10. Qxe7+ Bxe7 11. Bd3 O-O 12. O-O Bf6 13. c3 Bxd4 14. cxd4 Nd7 15. Rfe1 Nf6 16. Bc4 Bf5 17. Rac1 Rfe8 18.
Rxe8+ Rxe8 19. b3 Rc8 20. a4 b5 21. axb5 axb5 22. Ra1 bxc4 23. bxc4 Rxc4 24. Ra8+ Rc8 25.
Rxc8+ Bxc8 0-1

[Event "Live Chess"]
[Site "Chess.com"]
[Date "2024.06.02"]
[Round "-"]
[White "stevochess11"]
[Black "Ginger_GM"]
[Result "0-1"]
[WhiteElo "1707"]
[BlackElo "2665"]
[TimeControl "300"]
[EndTime "8:24:20 PDT"]
[Termination "Ginger_GM won by resignation"]

1. d4 e6 2. Nf3 f5 3. Bg5 Be7 4.
Bxe7 Qxe7 5. Nbd2 Nf6 6. g3 d6 7. Bg2 O-O 8. O-O Nc6 9. c3 e5 10. dxe5 dxe5 11. Qb3+ Kh8 12. Ng5 h6 13. Ngf3 g5 14.
Nc4 e4 15. Nd4 Nxd4 16. cxd4 Be6 17. Rac1 c6 18. Qc3 Nd5 19. Qa5 Qb4 20. Qxb4 Nxb4 21. a3 Bxc4 22. Rxc4 Nd5 23. e3 a5 24. Re1 Rfe8 25. b4 axb4 26. axb4 Ra4 27. Rb1 Kg7 28. Rc5 Rea8 29. b5 Ra1 30. Rxa1 Rxa1+ 31. Bf1 f4 32. gxf4 gxf4 33. exf4 e3 34. fxe3 Nxe3 35. h4 Rxf1+ 36. Kh2 Rxf4 37. Kg3 Rxd4 38. bxc6 bxc6 39. Rxc6 Nf5+ 40.
Kh3 Rxh4+ 41. Kg2 Rg4+ 42. Kh3 Rg3+ 43. Kh2 Rg6 44. Rc7+ Kf6 45. Rc6+ Kg5 46. Rc1 Kh4 47. Rc4+ Rg4 48. Rc3 h5 49. Rd3 Kg5 50. Kh3 h4 51. Rf3 Rg3+ 52. Rxg3+ hxg3 53. Kg2 Kg4 54. Kh1 Kf3 55.
Kg1 g2 56. Kh2 Kf2 0-1

[Event "Live Chess"]
[Site "Chess.com"]
[Date "2024.06.02"]
[Round "-"]
[White "ProfPoisson"]
[Black "bonantagulo"]
[Result "0-1"]
[WhiteElo "1352"]
[BlackElo "2233"]
[TimeControl "300"]
[EndTime "8:24:27 PDT"]
[Termination "bonantagulo won by checkmate"]

1. e4 c5 2. Nc3 e6 3. f4 Nc6 4.
Nf3 Nge7 5. Bb5 a6 6. Bxc6 Nxc6 7. O-O d5 8. d3 Be7 9. Qe1 O-O 10. Ng5 dxe4 11.
Qh4 h6 12. dxe4 Nd4 13. Be3 Nxc2 14. Qg3 Nxa1 15. Rxa1 hxg5 16. fxg5 e5 17. Rf1 Be6 18. Rd1 Qc7 19. h4 Rad8 20. Rf1 Rd3 21. h5 c4 22. g6 Rxe3 23. gxf7+ Rxf7 24. Qg6 Bc5 25. Kh2 Rxf1 26.
Qe8+ Rf8 27. Qxe6+ Qf7 28. Qxe5 Re8 29. Qxc5 Qf4+ 30.
Kg1 Re1# 0-1

[Event "Live Chess"]
[Site "Chess.com"]
[Date "2024.06.02"]
[Round "-"]
[White "FREDERICKtheMATE"]
[Black "matt1979"]
[Result "1-0"]
[WhiteElo "2662"]
[BlackElo "1400"]
[TimeControl "300"]
[EndTime "8:24:32 PDT"]
[Termination "FREDERICKtheMATE won by resignation"]

1. c4 f5 2. d4 e6 3. Nf3 Nf6 4. g3 Bb4+ 5. Bd2 Bxd2+ 6. Nfxd2 b6 7. Bg2 Nc6 8. O-O Bb7 9. Nc3 Na5 10. Bxb7 Nxb7 11.
e4 fxe4 12. Ndxe4 O-O 13. d5 e5 14. d6 c6 15. b4 Nxe4 16. Nxe4 Qe8 17. Qg4 h6 18.
Rae1 Nd8 19. f4 Nf7 20. Nf6+ 1-0

[Event "Live Chess"]
[Site "Chess.com"]
[Date "2024.06.02"]
[Round "-"]
[White "ukraineZelensky"]
[Black "kylet1990"]
[Result "1-0"]
[WhiteElo "1323"]
[BlackElo "781"]
[TimeControl "300"]
[EndTime "8:24:48 PDT"]
[Termination "ukraineZelensky won by resignation"]

1. d4 c6 2. e4 d5 3. e5 Bf5 4. c3 e6 5. Nf3 g6 6. Bd3 Bh6 7. Bxf5 exf5 8. Bxh6 Nxh6 9. Qd2 O-O 10. Qxh6 Qb6 11.
Ng5 1-0

[Event "Live Chess"]
[Site "Chess.com"]
[Date "2024.06.02"]
[Round "-"]
[White "FlyingChessKestrel13"]
[Black "f4nomore"]
[Result "1-0"]
[WhiteElo "2075"]
[BlackElo "1284"]
[TimeControl "300"]
[EndTime "8:24:49 PDT"]
[Termination "FlyingChessKestrel13 won by checkmate"]

1. e4 g6 2. d4 Bg7 3. Nc3 d6 4. Nge2 a6 5. g3 Nd7 6. Bg2 Ngf6 7. O-O O-O 8. Kh1 c5 9. d5 Nb6 10. Bg5 Ng4 11. h3 Ne5 12. f4 Nec4 13. Qc1 Qe8 14. a4 f6 15. Bh4 e6 16. a5 Nd7 17. e5 dxe5 18. dxe6 exf4 19. exd7 Bxd7 20. Bd5+ Kh8 21. Bxc4 fxg3 22. Bxg3 Bc6+ 23. Kh2 Qe7 24. Qf4 Rfe8 25. Rad1 f5 26. Qd6 Qe3 27. Bf4 Qxe2+ 28. Nxe2 Rxe2+ 29. Bxe2 Re8 30. Bc4 g5 31. Bxg5 Be5+ 32. Qxe5+ Rxe5 33. Bf6# 1-0

[Event "Live Chess"]
[Site "Chess.com"]
[Date "2024.06.02"]
[Round "-"]
[White "GEMdzq"]
[Black "DarranAS"]
[Result "1-0"]
[WhiteElo "2273"]
[BlackElo "1416"]
[TimeControl "300"]
[EndTime "8:24:54 PDT"]
[Termination "GEMdzq won by resignation"]

1. e4 c5 2. d4 cxd4 3. c3 dxc3 4. Nxc3 e6 5. Bc4 Nc6 6. Nf3 Be7 7. O-O d6 8. Qe2 Bd7 9. Rd1 a6 10. Bf4 Qc7 11.
e5 dxe5 12. Nxe5 Nxe5 13. Bxe5 Qc6 14. Bxg7 Bf6 15. Bxh8 Bxh8 16. Bd5 Qb6 17. Bf3 Bxc3 18. bxc3 Rc8 19. Rab1 Bb5 20. c4 Rxc4 21. Qxc4 Bxc4 22. Rxb6 Bd5 23. Bxd5 exd5 24. Rxd5 Ne7 25. Re5 Kd7 26. Rxb7+ 1-0

[Event "Live Chess"]
[Site "Chess.com"]
[Date "2024.06.02"]
[Round "-"]
[White "goldinspiredphoenix"]
[Black "Queensandpawns"]
[Result "0-1"]
[WhiteElo "1477"]
[BlackElo "2245"]
[TimeControl "300"]
[EndTime "8:25:08 PDT"]
[Termination "Queensandpawns won by checkmate"]

1. d4 e5 2. dxe5 Nc6 3. Nf3 Qe7 4. Nc3 Nxe5 5. Nxe5 Qxe5 6. e4 c6 7. Be3 Nf6 8. Bd3 Bb4 9. Qd2 O-O 10. O-O d5 11. exd5 Nxd5 12. a3 Bxc3 13. bxc3 Qxc3 14. Qxc3 Nxc3 15. Bc5 Re8 16. Rfe1 Be6 17. f3 b6 18. Bb4 Nd5 19. Bd2 Rad8 20. Kf2 c5 21. Bb5 Re7 22. Bg5 f6 23. Bh4 Kf7 24. Bg3 Nc3 25. Bd3 c4 26. Bf1 Rd2+ 27. Be2 Bf5 28.
Rad1 Rexe2+ 29. Rxe2 Nxd1+ 30. Ke1 Rxe2+ 31. Kxe2 Bxc2 32. Kd2 Bb3 33. Bd6 Nb2 34. Kc3 Nd3 35. Kd2 Nc5 36. Bxc5 bxc5 37. Kc3 Ke6 38. g3 Kd5 39. f4 f5 40. h3 h5 41. h4 g6 42. Kb2 Kd4 43. Kc1 Kc3 44. Kb1 Kd2 45. Kb2 c3+ 46.
Kxb3 c2 47. Kb2 c1=Q+ 48. Kb3 c4+ 49. Kb4 c3 50. Kb5 c2 51. Kb4 Qb1+ 52. Ka5 c1=Q 53. Ka4 Qc6+ 54. Ka5 Qcb6+ 55. Ka4 Q1b5# 0-1

[Event "Live Chess"]
[Site "Chess.com"]
[Date "2024.06.02"]
[Round "-"]
[White "Pablo_dmp"]
[Black "GwaryTek"]
[Result "1-0"]
[WhiteElo "1985"]
[BlackElo "1882"]
[TimeControl "300"]
[EndTime "8:25:11 PDT"]
[Termination "Pablo_dmp won on time"]

1. e4 Nf6 2. e5 Nd5 3. d4 d6 4. Nf3 Bg4 5. Be2 e6 6. h3 Bh5 7. c4 Nb6 8. Nc3 Nc6 9. Bf4 Be7 10. exd6 cxd6 11. O-O O-O 12. Rc1 Bxf3 13. Bxf3 Nxc4 14.
Qd3 d5 15. b3 Nb6 16. Rfe1 Bf6 17. Nb5 Rc8 18. Nd6 Rc7 19. Nxb7 Rxb7 20. Rxc6 Qd7 21.
Rec1 Rc8 22. Qc2 Rxc6 23. Qxc6 Qxc6 24. Rxc6 Bxd4 25. a4 h6 26. Be2 Nd7 27. Bd3 e5 28.
Rc8+ Nf8 29. Bc1 Rxb3 30. Bc2 Rb7 31. Ba3 g6 32. Bxf8 Kh7 33. Bd6 Rb2 34. Bd3 1-0

[Event "Live Chess"]
[Site "Chess.com"]
[Date "2024.06.02"]
[Round "-"]
[White "E2E4colchester"]
[Black "V1nas"]
[Result "0-1"]
[WhiteElo "1008"]
[BlackElo "1323"]
[TimeControl "300"]
[EndTime "8:25:22 PDT"]
[Termination "V1nas won on time"]

1. d4 d5 2. c4 Nf6 3. e3 e6 4. c5 b6 5. b4 bxc5 6. bxc5 Be7 7. Nc3 O-O 8. Ba3 c6 9. Rb1 Ba6 10. Bxa6 Nxa6 11. Nf3 Qa5 12. Qd2 Qxa3 13. Ne5 Rfc8 14. Rb3 Qa5 15. O-O Qc7 16. Rfb1 Rab8 17. Ne2 Rxb3 18. axb3 Nxc5 19. dxc5 Qxe5 20. b4 Ne4 21. Qd3 Qf6 22. f3 Ng5 23. Qa6 Rc7 24. b5 Nxf3+ 25.
gxf3 Qg6+ 26. Kf1 Qxb1+ 27. Kf2 Bh4+ 28. Kg2 Qxb5 29. Qa2 Qxc5 30. Nd4 Bf6 31. Qb1 Qb6 32. Qd1 h5 33. Kg3 Bxd4 34. exd4 a5 35. Kh4 g6 36. Kg5 Rb7 37. Kf6 Qd8+ 38. Ke5 Qe7 39. Qd2 f6+ 40. Kf4 g5+ 41. Kg3 Kg7 42. Qxa5 h4+ 43. Kg4 f5+ 44. Kh3 Rb3 45. Kg2 h3+ 46.
Kg3 g4 47. Kf4 Rxf3+ 48. Ke5 Kg6 49. Qd2 Qf6+ 50. Kd6 Qd8+ 51. Ke5 Qc7+ 52. Kxe6 Qc8+ 53.
Kd6 Qd8+ 54. Kc5 Qe7+ 55. Kb6 Rb3+ 56. Kxc6 Qb7+ 57. Kd6 Rb6+ 58. Ke5 Qc7+ 59. Kxd5 Qd6+ 0-1

[Event "Live Chess"]
[Site "Chess.com"]
[Date "2024.06.02"]
[Round "-"]
[White "Ninifu"]
[Black "mrsmarple1968"]
[Result "1-0"]
[WhiteElo "2007"]
[BlackElo "1723"]
[TimeControl "300"]
[EndTime "8:25:26 PDT"]
[Termination "Ninifu won by checkmate"]

1. d4 d5 2. e4 dxe4 3. Nc3 Nf6 4. f3 exf3 5. Nxf3 c6 6. Bd3 Bg4 7. O-O e6 8. h3 Bh5 9. Be3 Bd6 10. Qd2 h6 11. g4 Bg6 12. Bxg6 fxg6 13. Qd3 Kf7 14.
Nh4 g5 15. Ng6 Re8 16. Ne4 Be7 17. Rae1 Kg8 18. Nxe7+ Qxe7 19. c4 Nbd7 20. Bd2 c5 21. d5 e5 22. Ng3 e4 23. Qe3 b5 24. Nf5 Qf8 25. b3 bxc4 26. bxc4 Ne5 27. Bc3 Nf3+ 28. Rxf3 exf3 29. Ne7+ Kf7 30. d6 Rad8 31. Qe6# 1-0

[Event "Live Chess"]
[Site "Chess.com"]
[Date "2024.06.02"]
[Round "-"]
[White "JanMur7"]
[Black "LL220284LL"]
[Result "0-1"]
[WhiteElo "2285"]
[BlackElo "2483"]
[TimeControl "300"]
[EndTime "8:26:05 PDT"]
[Termination "LL220284LL won on time"]

1. c4 e6 2. Nc3 b6 3. g3 Bb7 4. Nf3 f5 5. Bg2 Nf6 6. O-O Be7 7. d4 O-O 8. d5 Na6 9. Nd4 Nc5 10. dxe6 Bxg2 11.
Kxg2 Nxe6 12. Nxf5 Bb4 13. Nd4 Nxd4 14. Qxd4 Qe8 15. Nd5 Bc5 16. Nxf6+ Rxf6 17. Qd5+ Kh8 18. Bf4 c6 19. Qd3 Qe6 20. Rad1 Rf7 21. b3 Re8 22. e3 a5 23. Bd6 Bxd6 24. Qxd6 Qe4+ 25. Kg1 h6 26. Qd3 Qf3 27. Qg6 Re6 28. Qd3 Re5 29.
Qd6 Rh5 30. Qb8+ Kh7 31. Qxb6 Qg4 32. Qd4 Qh3 33. Qe4+ g6 34. Qg2 Qe6 35. Rd4 Rhf5 36. Rd2 a4 37. Rfd1 axb3 38. axb3 h5 39. h4 R5f6 40.
Qf1 Qg4 41. Qe2 Qh3 42. Qf1 Qg4 43. Qg2 Rxf2 44. Qxf2 Rxf2 45. Kxf2 Qf5+ 46. Kg2 Qe4+ 47. Kh2 Qxe3 48. Rxd7+ Kh6 49. R7d3 Qf2+ 50. Kh1 Qf5 51. R1d2 Qe4+ 52. Kh2 Qf5 53. b4 Qe4 54. Rc3 Qe5 55. Rdc2 Qd4 56. b5 cxb5 57. cxb5 Qb6 58. Rb2 Qf6 59.
Rcc2 Qb6 60. Rc6 Qd4 61. Rbc2 Qb4 62. b6 Qb3 63. Rf2 Qb5 64. Rcf6 Qb1 65. Re6 Qb3 66.
Rfe2 Qb5 67. R2e5 Qb2+ 68. Re2 Qb3 69. Rd6 Qf3 70. Red2 Qb3 71. Kg2 Qc4 72. Kf2 Qe4 73. R2d3 Qb7 74. Ke2 Qe4+ 75. Kd2 Qg2+ 76. Kc3 Qf1 77.
Kb4 Qb1+ 78. Kc5 Qb2 79. Kc6 Qg2+ 80. Kc7 Qc2+ 81. Kb8 Qb2 82. b7 Qb5 83. Rd7 Qe5+ 84. Kc8 Qe8+ 85. Rd8 Qc6+ 86. Kb8 Qb6 87. Ka8 Qa6+ 88.
Kb8 Qb5 89. R3d6 Qe5 90. Kc7 Qc5+ 91. Rc6 Qa5+ 92. Kd7 Qd5+ 93. Rd6 Qxb7+ 94. Ke6 Qb3+ 95. Ke7 Qb4 96. Ke8 Kg7 97. R8d7+ Kh8 0-1

[Event "Live Chess"]
[Site "Chess.com"]
[Date "2024.06.02"]
[Round "-"]
[White "grillage"]
[Black "wadsy27"]
[Result "0-1"]
[WhiteElo "1872"]
[BlackElo "2607"]
[TimeControl "300"]
[EndTime "8:26:17 PDT"]
[Termination "wadsy27 won on time"]

1. d4 c5 2. d5 e5 3. e4 d6 4. Nc3 Be7 5. Bb5+ Nd7 6. a4 a6 7. Be2 Bg5 8. Nf3 Bxc1 9. Qxc1 Ngf6 10. O-O Nf8 11. Qg5 Ng6 12. h4 h6 13. Qd2 Nf4 14. g3 Nxe2+ 15. Qxe2 Bg4 16. Qd3 g5 17. Kg2 Qd7 18. Rh1 O-O-O 19. a5 Rdg8 20. Na4 Qb5 21. Qxb5 Bxf3+ 22. Kxf3 axb5 23. Nb6+ Kc7 24. h5 g4+ 25.
Ke3 Rg5 26. Rh4 Rxh5 27. Rxh5 Nxh5 28. Rh1 Ng7 29. Rh4 h5 30. c3 f5 31. b4 c4 32. f3 Rf8 33. Rh1 gxf3 34. Kxf3 fxe4+ 35.
Kxe4 Nf5 36. Rh3 Ng7 37. Rh4 Rf2 38. Rh3 Re2+ 39. Kf3 Rc2 40. Ke4 Rxc3 41. Na8+ Kb8 42. Nb6 Rd3 43. Nd7+ Kc7 44. Nf6 Rd4+ 45. Ke3 c3 46.
Nxh5 Nxh5 47. Rxh5 c2 48. Rh7+ Kb8 49. Rh8+ Ka7 50.
Rc8 Rxb4 51. Kd2 Rd4+ 52. Kc1 Rxd5 53. Rxc2 Rd4 54. Rg2 Rg4 55. Kd2 d5 56. Kc3 Ka6 57.
Kb3 Kxa5 0-1

[Event "Live Chess"]
[Site "Chess.com"]
[Date "2024.06.02"]
[Round "-"]
[White "joellloyd"]
[Black "GerardATHart"]
[Result "0-1"]
[WhiteElo "1868"]
[BlackElo "1395"]
[TimeControl "300"]
[EndTime "8:26:38 PDT"]
[Termination "GerardATHart won by resignation"]

1. e4 e5 2. Nf3 Nc6 3. Bc4 Nf6 4. Ng5 d5 5. exd5 Na5 6. Bb5+ c6 7. dxc6 bxc6 8. Bd3 h6 9. Ne4 c5 10. Bb5+ Bd7 11.
Nxf6+ gxf6 12. Bxd7+ Qxd7 13. d3 Rg8 14. O-O Qh3 15.
g3 Bd6 16. Nc3 Kd7 17. Ne4 Be7 18. c4 Nc6 19. Be3 f5 20. Nxc5+ Bxc5 21. Bxc5 f4 22. d4 e4 23. Re1 f3 0-1

[Event "Live Chess"]
[Site "Chess.com"]
[Date "2024.06.02"]
[Round "-"]
[White "uselessduffer"]
[Black "LaupMiths"]
[Result "1-0"]
[WhiteElo "2370"]
[BlackElo "1819"]
[TimeControl "300"]
[EndTime "8:26:45 PDT"]
[Termination "uselessduffer won by resignation"]

1. e4 d6 2. d4 g6 3. Nc3 Bg7 4. Be3 Nd7 5. Nf3 a6 6. Qd2 b5 7.
Bd3 Bb7 8. O-O c5 9. d5 Ngf6 10. Bh6 O-O 11. Rfe1 Qc7 12. a4 b4 13. Nd1 c4 14. Bf1 a5 15. Nd4 Rfe8 16. c3 Reb8 17.
Bxg7 Kxg7 18. f3 Ne5 19. Qg5 Bc8 20. Ne3 e6 21. f4 Nd3 22. Bxd3 cxd3 23. dxe6 fxe6 24.
f5 Qc5 25. e5 dxe5 26. fxe6 exd4 27. Qxc5 dxe3 28. Qe7+ 1-0

[Event "Live Chess"]
[Site "Chess.com"]
[Date "2024.06.02"]
[Round "-"]
[White "upoe610"]
[Black "Trendle"]
[Result "0-1"]
[WhiteElo "2147"]
[BlackElo "2611"]
[TimeControl "300"]
[EndTime "8:26:46 PDT"]
[Termination "Trendle won by resignation"]

1. c4 f5 2. g3 Nf6 3. Bg2 g6 4.
b4 Bg7 5. Bb2 O-O 6. Nf3 d6 7.
O-O e5 8. d3 Nc6 9. b5 Ne7 10.
Nbd2 h6 11. h4 Be6 12. a4 Rb8 13. Ne1 Ng4 14. Nc2 d5 15. cxd5 Bxd5 16. e4 Be6 17.
Nc4 f4 18. f3 fxg3 19. fxg4 Rxf1+ 20. Qxf1 Bxg4 21. Bxe5 Nf5 22. exf5 Qxh4 23. Bd5+ Kh8 24. Qg2 Bxf5 25. Bxg3 Qd8 26. Rd1 c6 27. Nd6 Qb6+ 28. Bf2 Qc7 29. Nxf5 gxf5 30. bxc6 bxc6 31. Bf3 Be5 32.
Nd4 Rg8 33. Nxc6 Rxg2+ 34. Kxg2 Bf6 35. d4 Qf4 36. Bg3 Qg5 37. Ne5 Bxe5 38. dxe5 f4 39. Be4 Qxg3+ 40. Kf1 f3 41. Rd2 Qf4 42. Rd8+ Kg7 43.
Rd7+ Kf8 44. Bd5 Qc1+ 45. Kf2 Qc2+ 46. Kxf3 Qf5+ 0-1

[Event "Live Chess"]
[Site "Chess.com"]
[Date "2024.06.02"]
[Round "-"]
[White "RichardABates"]
[Black "Bradfield133"]
[Result "1-0"]
[WhiteElo "2374"]
[BlackElo "1820"]
[TimeControl "300"]
[EndTime "8:26:53 PDT"]
[Termination "RichardABates won by resignation"]

1. d4 d6 2. Nf3 Bg4 3. c4 Nd7 4. d5 c6 5. Nc3 Ngf6 6. dxc6 bxc6 7. Nd4 Qc7 8. h3 Bh5 9. g4 Bg6 10. Bg2 Nb8 11. Qa4 Kd7 12. Nd5 Qb7 13. Nb4 Be4 14.
f3 Bg6 15. g5 Nh5 16. f4 Qb6 17.
Nbxc6 Kc8 18. Nxb8 Qxd4 19. Qd7+ 1-0

[Event "Live Chess"]
[Site "Chess.com"]
[Date "2024.06.02"]
[Round "-"]
[White "Plimsol"]
[Black "DylanMeyer1"]
[Result "1-0"]
[WhiteElo "2377"]
[BlackElo "1702"]
[TimeControl "300"]
[EndTime "8:26:53 PDT"]
[Termination "Plimsol won by checkmate"]

1. e4 d5 2. exd5 Qxd5 3. Nc3 Qd6 4. d4 Nf6 5. Nf3 a6 6. g3 Bg4 7. Bg2 g6 8. h3 Be6 9. Bf4 Qd8 10.
Ng5 Bc8 11. O-O Bg7 12. Qd2 h6 13. Nf3 c6 14. Rfe1 O-O 15. Bxh6 Qc7 16. Rad1 Nbd7 17.
Rxe7 Re8 18. Rxe8+ Nxe8 19. Bxg7 Kxg7 20. d5 cxd5 21.
Nxd5 Qc6 22. Nd4 Qd6 23. Qg5 Nef6 24. Nf5+ Kh7 25. Qh6+ Kg8 26. Qg7# 1-0

[Event "Live Chess"]
[Site "Chess.com"]
[Date "2024.06.02"]
[Round "-"]
[White "missedJariChance"]
[Black "raimundklein"]
[Result "0-1"]
[WhiteElo "1356"]
[BlackElo "1600"]
[TimeControl "300"]
[EndTime "8:26:55 PDT"]
[Termination "raimundklein won by checkmate"]

1. b3 e5 2. Bb2 d6 3. e3 Nf6 4. Nf3 g6 5. Be2 Bg7 6. O-O O-O 7. d4 e4 8. Nfd2 d5 9. c4 c6 10. Nc3 Be6 11. f3 Re8 12. fxe4 dxe4 13. Ncxe4 Nxe4 14. Nxe4 Bf5 15. Ng3 Rxe3 16. Nxf5 gxf5 17. Bf3 Qe7 18. Qd2 Nd7 19. Rae1 Re8 20. Bc3 c5 21. Rxe3 Qxe3+ 22. Qxe3 Rxe3 23. Bd2 Rd3 24. Bf4 Bxd4+ 25. Kh1 b6 26. Bd5 Ne5 27. h3 Kg7 28. Bxe5+ Bxe5 29. Rxf5 f6 30. Rf2 Rd1+ 31. Rf1 Rxf1# 0-1

[Event "Live Chess"]
[Site "Chess.com"]
[Date "2024.06.02"]
[Round "-"]
[White "Inglaterra"]
[Black "bill77678"]
[Result "0-1"]
[WhiteElo "2049"]
[BlackElo "1852"]
[TimeControl "300"]
[EndTime "8:26:55 PDT"]
[Termination "bill77678 won by resignation"]

1. e4 c6 2. Nf3 d5 3. Nc3 dxe4 4.
Nxe4 Nf6 5. Qe2 Nxe4 6. Qxe4 Nd7 7. Bc4 Nf6 8. Qe2 Qc7 9. h3 e6 10. O-O Bd6 11. d4 b5 12. Bb3 O-O 13. c3 a5 14. Bc2 c5 15. Bg5 Nd5 16. Rad1 f6 17. Bc1 Bb7 18. Qxe6+ Kh8 19. dxc5 Qxc5 20. Rfe1 Qc6 21.
Be4 Bh2+ 22. Nxh2 Qxe6 23. Bxd5 Qb6 24. Be3 Qc7 25. Nf3 Bxd5 26. Rxd5 Rad8 27. Rxb5 Rfe8 28. Nd4 h6 29. a4 Re5 30. g3 Rxb5 31. axb5 Kg8 32.
Ne6 Qd7 33. Nxd8 Qxd8 34. b6 Kf7 35. Ra1 Qd5 36. Ra4 Qd1+ 0-1

[Event "Live Chess"]
[Site "Chess.com"]
[Date "2024.06.02"]
[Round "-"]
[White "TheSmoulderingMaster"]
[Black "viktor_forever1994"]
[Result "1-0"]
[WhiteElo "1777"]
[BlackElo "1385"]
[TimeControl "300"]
[EndTime "8:26:59 PDT"]
[Termination "TheSmoulderingMaster won by resignation"]

1. e4 e5 2. Nf3 Nc6 3. Bb5 Bc5 4. c3 Nf6 5. O-O d6 6. d4 exd4 7. cxd4 Bb6 8. d5 a6 9. Ba4 Bxf2+ 10. Rxf2 b5 11.
dxc6 bxa4 12. Qxa4 O-O 13. Bg5 h6 14. Bh4 Re8 15.
Nc3 Bg4 16. Nd5 g5 17. Nxg5 hxg5 18. Bxg5 Rxe4 19. Nxf6+ Kg7 20. Qxe4 1-0

[Event "Live Chess"]
[Site "Chess.com"]
[Date "2024.06.02"]
[Round "-"]
[White "NAZRIZ1977"]
[Black "Karasyov2"]
[Result "1-0"]
[WhiteElo "2072"]
[BlackElo "1159"]
[TimeControl "300"]
[EndTime "8:27:13 PDT"]
[Termination "NAZRIZ1977 won by resignation"]

1. d4 Nf6 2. c4 c5 3. d5 e6 4. Nc3 d6 5. e4 exd5 6. cxd5 g6 7. Nf3 Bg7 8. Be2 O-O 9. O-O Bg4 10. a4 Bxf3 11.
Bxf3 Nbd7 12. Re1 Ne5 13. Be2 a6 14. f4 Ned7 15. Bf3 Ne8 16. e5 dxe5 17. f5 gxf5 18.
d6 Nb6 19. Bxb7 Rb8 20. Bxa6 Qxd6 21. Qxd6 Nxd6 22. Bg5 e4 23. Be7 Rfe8 24. Bxd6 Ra8 25. Bb5 Re6 26. Bxc5 Nc8 27. Rad1 1-0

[Event "Live Chess"]
[Site "Chess.com"]
[Date "2024.06.02"]
[Round "-"]
[White "HoarseyHorsey"]
[Black "JohanKjeldahl"]
[Result "0-1"]
[WhiteElo "1579"]
[BlackElo "1807"]
[TimeControl "300"]
[EndTime "8:27:35 PDT"]
[Termination "JohanKjeldahl won by resignation"]

1. d4 Nf6 2. c4 e5 3. dxe5 Ng4 4.
e3 Nxe5 5. Nh3 Nbc6 6. Nc3 Bb4 7. Bd2 Qe7 8. Be2 O-O 9. O-O Bxc3 10. Bxc3 d6 11.
Nf4 Be6 12. Nd5 Qd7 13. f4 Ng6 14. Bd3 f5 15. g3 Bxd5 16. cxd5 Nce7 17. Qb3 b6 18. Bb5 Qd8 19. Rac1 a6 20. Bd3 Ra7 21. e4 fxe4 22. Bxe4 Nf5 23. Qc2 Ne3 24. Qd3 Nxf1 25. Rxf1 Qe8 26. f5 Ne5 27. Bxe5 Qxe5 28. f6 Rxf6 29.
Bxh7+ Kh8 30. Rxf6 Qxf6 31. Bf5 Ra8 32. Be6 Rf8 33. Kg2 Qf2+ 34. Kh3 Rf6 35. Kg4 Qxh2 36. Qe4 Qh6 37. Bf5 g6 38. Qe8+ Kg7 39. Qd7+ Rf7 40. Qe6 gxf5+ 41. Kf3 Qxe6 0-1

[Event "Live Chess"]
[Site "Chess.com"]
[Date "2024.06.02"]
[Round "-"]
[White "best137"]
[Black "dmitro74"]
[Result "0-1"]
[WhiteElo "1524"]
[BlackElo "1743"]
[TimeControl "300"]
[EndTime "8:27:47 PDT"]
[Termination "dmitro74 won by resignation"]

1. c4 e5 2. Nc3 c6 3. Nf3 f6 4. e4 Ne7 5. Be2 d5 6. cxd5 cxd5 7.
exd5 Nxd5 8. Nxd5 Qxd5 9. O-O b5 10. d4 e4 11. Nd2 Bb7 12. Re1 Bb4 13. a3 Ba5 14. b4 Bb6 15. Nxe4 O-O 16. Bxb5 Qxb5 17. Nd6 Qd7 18. Qb3+ Kh8 19. Bf4 Nc6 20. Rac1 Nxd4 21. Qg3 Nf5 22. Nxf5 Qxf5 23. Re7 g5 24. Bd6 Bd5 25.
h4 Rac8 26. Rf1 Rf7 27. Rfe1 Rxe7 28. Rxe7 Bxf2+ 29. Kh2 Bxg3+ 30. Kxg3 0-1

[Event "Live Chess"]
[Site "Chess.com"]
[Date "2024.06.02"]
[Round "-"]
[White "Dashman93"]
[Black "StoreySniper"]
[Result "1-0"]
[WhiteElo "2132"]
[BlackElo "2475"]
[TimeControl "300"]
[EndTime "8:27:51 PDT"]
[Termination "Dashman93 won on time"]

1. d4 g6 2. g3 Bg7 3. Bg2 c5 4.
Nf3 cxd4 5. Nxd4 Nc6 6. Nxc6 bxc6 7. O-O Qb6 8. Nd2 Ba6 9. c4 h5 10. h4 Nh6 11. Rb1 Rb8 12. b3 Ng4 13. Ne4 Bxc4 14. Bf4 Bd5 15. Bxb8 Qxb8 16. Nc5 Nf6 17. e4 Be6 18. Nxe6 fxe6 19. Qc2 Ng4 20. Rbe1 Bd4 21. e5 Nxe5 22. Re4 c5 23. Kh1 Kd8 24. Rd1 Rf8 25.
f4 Ng4 26. Rexd4 cxd4 27. Rxd4 Rf5 28. Be4 Qb6 29. Rc4 Ke8 30. Bxf5 gxf5 31. Qd2 Kf7 32. Rd4 d5 33. Kg2 Nf6 34. Rd3 Ne4 35. Qe3 Qc6 36. Rd2 Nxd2 37. Qxd2 d4+ 38. Kf2 Qe4 39. Qe2 Qd5 40.
Qxh5+ Kf8 41. Qh8+ Kf7 42. Qh7+ Kf8 43. h5 Ke8 44.
Qg6+ Kd7 45. h6 d3 46. Ke1 Qd4 47. Qh5 Qe3+ 48. Kd1 d2 49. Qe2 Qxg3 50. Kxd2 Ke8 51. h7 Qxf4+ 52. Qe3 Qh2+ 53. Kc3 Qxh7 54. Qxa7 Kf7 55.
Qg1 Qg7+ 56. Qxg7+ Kxg7 57. Kd4 f4 58. Ke4 Kf6 59. a4 1-0

[Event "Live Chess"]
[Site "Chess.com"]
[Date "2024.06.02"]
[Round "-"]
[White "blunderabit"]
[Black "MagnersCarlsberg2870"]
[Result "1-0"]
[WhiteElo "1777"]
[BlackElo "1758"]
[TimeControl "300"]
[EndTime "8:28:14 PDT"]
[Termination "blunderabit won by resignation"]

1. e4 e5 2. Bc4 Nc6 3. d3 Bc5 4. Qf3 Nf6 5. Ne2 d6 6. h3 Nd4 7. Nxd4 Bxd4 8. c3 Bb6 9. a4 a5 10. Bg5 Be6 11. Na3 Bxc4 12. Nxc4 h6 13. Bxf6 gxf6 14. Nxb6 cxb6 15. Ke2 Rg8 16. g4 Rc8 17. Qe3 d5 18. Qxh6 dxe4 19. dxe4 Rc4 20. Qe3 Qc7 21. Rhd1 Qc6 22. f3 Rxa4 23. Rxa4 Qxa4 24. Qxb6 Qc4+ 25. Kf2 Kf8 26. Rd8+ Kg7 27. Rxg8+ Kxg8 28. Qxf6 Qc5+ 29. Kg3 Qg1+ 30. Kh4 Qf2+ 31. Kh5 Qxb2 32. Kh6 Qd2+ 33.
g5 Kf8 34. Qh8+ Ke7 35. Qxe5+ Kd7 36. Qxa5 Qd6+ 37. Kh5 Qg6+ 38. Kh4 b6 39. Qf5+ Qxf5 40.
exf5 Ke7 41. Kh5 Kf8 42. g6 fxg6+ 43. Kxg6 b5 44. h4 Kg8 45. Kf6 Kf8 46. Ke6 Ke8 47.
Kd5 Kf7 48. Kc5 Kf6 49. Kxb5 Kxf5 50. c4 Ke6 51. h5 1-0

[Event "Live Chess"]
[Site "Chess.com"]
[Date "2024.06.02"]
[Round "-"]
[White "booktrunk"]
[Black "Eva3337"]
[Result "1-0"]
[WhiteElo "1492"]
[BlackElo "1165"]
[TimeControl "300"]
[EndTime "8:28:21 PDT"]
[Termination "booktrunk won by resignation"]

1. d4 d5 2. Nc3 e6 3. Bf4 c5 4. dxc5 Bxc5 5. e3 Nc6 6. Nb5 e5 7. Bg3 a6 8. Nc3 Nf6 9. Nf3 Bd6 10. Be2 O-O 11. O-O e4 12. Bxd6 Qxd6 13. Nd4 Nxd4 14. Qxd4 Bg4 15. Bxg4 Nxg4 16. g3 Rfd8 17. Rad1 Nf6 18. a3 Rac8 19. Qd2 Rc7 20. Ne2 Rdc8 21. Rc1 Qe6 22. Nf4 Qg4 23. h3 Qf5 24. c3 g5 25.
g4 Qe5 26. Ng2 Kg7 27. Rfd1 Rd7 28. Qd4 Qd6 29. f4 h6 30. fxg5 hxg5 31. Rf1 Kg6 32. Qd2 Qg3 33. Qf2 Qd6 34. Kh1 Rh8 35. h4 Nxg4 36. Qf5+ Kg7 37. Qxg4 Kf8 38. Qxg5 Rg8 39. Qf5 f6 40. Qxf6+ Rf7 41. Qxd6+ 1-0